 Dungeon Sprint DCSS version 0.21-a0-278-ga722497 (webtiles) character file.

16 Kidiri the Ruffian (level 2, 0/37 HPs)
             Began as a Draconian Transmuter on Sept 20, 2017.
             Was a Believer of Wu Jian.
             Slain by a leopard gecko (3 damage)
             ... in the Dungeon (Sprint VII: "The Pits").
             The game lasted 00:02:14 (341 turns).

Kidiri the Ruffian (Draconian Transmuter)            Turns: 341, Time: 00:02:15

Health: 0/37       AC:  4    Str: 17    XL:     2   Next: 41%
Magic:  3/5        EV: 13    Int: 13    God:    Wu Jian [**....]
Gold:   0          SH:  0    Dex: 11    Spells: 4/5 levels left

rFire    . . .     SeeInvis .     - Unarmed
rCold    . . .     Gourm    .   (no shield)
rNeg     . . .     Faith    .   (armour unavailable)
rPois    .         Spirit   .   (helmet restricted)
rElec    .         Reflect  .   (no cloak)
rCorr    .         Harm     .   (no gloves)
MR       .....     NoTele   +   (no boots)
Stlth    ..........             (no amulet)
HPRegen  0.12/turn              (no ring)
MPRegen  0.09/turn              (no ring)

@: berserking, appendage (expiring), very quick
A: unfitting armour, horns 2, cold-blooded, AC +4
a: End Transformation, Renounce Religion


You were in the Dungeon.
You worshipped Wu Jian.
Wu Jian was pleased with you.
You were not hungry.
You had grown temporary horns.
You visited 1 branch

Inventory:

Missiles
 a - 12 arrows
Scrolls
 i - a scroll of blinking
 l - 3 scrolls of remove curse
 m - 5 scrolls of amnesia
 n - a scroll of summoning
Potions
 e - a potion of heal wounds
 f - a potion of haste
 g - 4 potions of magic
 h - 2 potions of berserk rage
 k - 2 potions of invisibility
Books
 b - a book of Changes

   Spells                             Type                      Level
   a - Beastly Appendage              Transmutation                1
   b - Sticks to Snakes               Transmutation                2
   c - Spider Form                    Transmutation/Poison         3
   d - Ice Form                       Ice/Transmutation            4
   e - Blade Hands                    Transmutation                5
Comestibles
 c - 8 bread rations
 j - 3 chunks of flesh
 o - 40 fruits
 p - 7 meat rations


   Skills:
 * Level 2.7 Fighting
 * Level 2.8 Dodging
 * Level 3.9 Unarmed Combat
 + Level 2.3 Spellcasting
 * Level 2.7 Transmutations


You had 4 spell levels left.
You knew the following spells:

 Your Spells              Type           Power        Failure   Level  Hunger
a - Beastly Appendage     Tmut           #.....       8%          1    #......


Dungeon Overview and Level Annotations

Branches:
Dungeon (1/1)

Altars:
Ashenzari
Cheibriados
Dithmenos
Elyvilon
Fedhas
Gozag
Hepliaklqana
Kikubaaqudgha
Makhleb
Nemelex Xobeh
Okawaru
Qazlal
Ru
Sif Muna
Trog
Uskayaw
Vehumet
Wu Jian
Xom
Yredelemnul
Zin
The Shining One
Beogh
Jiyva
Lugonu


Innate Abilities, Weirdness & Mutations

Your plain brown scales are hard. (AC +4)
You cannot fit into any form of body armour.
You are cold-blooded and may be slowed by cold attacks.
You have a pair of horns on your head.


Message History

Your headbutt misses the gnoll.
Your tail-slap misses the gnoll.
The gnoll is heavily wounded.
You spin and attack the leopard gecko.
You barely miss the leopard gecko.
Your transformation is almost over.
The leopard gecko bites you but does no damage.
The gnoll hits you with a club.
* * * LOW HITPOINT WARNING * * *
A red film seems to cover your vision as you go berserk!
You feel yourself moving faster!
You feel mighty! The gnoll hits you.
* * * LOW HITPOINT WARNING * * *
The leopard gecko barely misses you. The gnoll hits you with a club.
* * * LOW HITPOINT WARNING * * *
Unknown command.
You punch the gnoll!
You kill the gnoll!
The Council accepts your kill.
You can now perform distracting airborne attacks by moving against a solid obstacle.
You have reached level 2!
The leopard gecko bites you.
You die...

#.?(.+)))+.##......#
##########.##.......
#...........'÷......
#+#####'#####......#
#..#..#..##.......
#.÷'..+..#####+###
##'####+###.......
#gS......##.......
#@l......##.......
#####+#####...<...
#....... #.......
#....... ########


You could see a gnoll, an adder and a leopard gecko.

Vanquished Creatures
  A gnoll (D)
  A leopard gecko (D)
  A bat (D)
  A quokka (D)
  A ball python (D)
  A frilled lizard (D)
  A rat (D)
7 creatures vanquished.

Vanquished Creatures (others)
  A pandemonium lord (D)
  A greater mummy (D)
2 creatures vanquished.

Grand Total: 9 creatures vanquished

Notes
Turn   | Place    | Note
-------+----------+-------------------------------------------
     0 | D        | Kidiri the Draconian Transmuter began the quest for the Orb.
     0 | D        | Reached XP level 1. HP: 16/16 MP: 3/3
    29 | D        | Killed a greater mummy
    52 | D        | Found a bloodstained altar of Trog.
    52 | D        | Found a deep blue altar of Sif Muna.
    52 | D        | Found a viscous altar of Jiyva.
    52 | D        | Found a hazy altar of Hepliaklqana.
    52 | D        | Found an opulent altar of Gozag.
    53 | D        | Found a glowing golden altar of the Shining One.
    53 | D        | Found a glowing silver altar of Zin.
    53 | D        | Found a basalt altar of Yredelemnul.
    53 | D        | Found a shimmering altar of Xom.
    53 | D        | Found an ornate altar of the Wu Jian Council.
    53 | D        | Found a sacrificial altar of Ru.
    53 | D        | Found a stormy altar of Qazlal.
    53 | D        | Found an iron altar of Okawaru.
    53 | D        | Found a sparkling altar of Nemelex Xobeh.
    53 | D        | Found a burning altar of Makhleb.
    53 | D        | Found a blossoming altar of Fedhas.
    53 | D        | Found a white marble altar of Elyvilon.
    53 | D        | Found a shadowy altar of Dithmenos.
    53 | D        | Found a snail-covered altar of Cheibriados.
    55 | D        | Found a radiant altar of Vehumet.
    55 | D        | Found a corrupted altar of Lugonu.
    55 | D        | Found a roughly hewn altar of Beogh.
    56 | D        | Found a hide-covered altar of Uskayaw.
    56 | D        | Found an ancient bone altar of Kikubaaqudgha.
    56 | D        | Found a shattered altar of Ashenzari.
    62 | D        | Became a worshipper of the Wu Jian Council
   102 | D        | Killed Nariuf Ciri the pandemonium lord
   134 | D        | Reached * piety under Wu Jian
   341 | D        | Reached ** piety under Wu Jian
   341 | D        | Reached XP level 2. HP: 3/25 MP: 3/5
   341 | D        | Slain by a leopard gecko

Vault maps used:
D:        pitsprint

Skill      XL: |  1 |
---------------+----+-----
Dodging        | 2 |  2.8
Fighting       | 2 |  2.7
Unarmed Combat | |  3.9
Spellcasting   | |  2.3
Transmutations | |  2.7

Action                   || total
-------------------------++-------
Melee: Unarmed           ||    29
       Kick              ||     2
       Headbutt          ||     1
       Tailslap          ||     1
 Cast: Beastly Appendage ||     5
  Use: Potion            ||     2
Armor: Skin              ||    11
Dodge: Dodged            ||    38

Table legend:
 A = Spawn XP
 B = Non-spawn XP
 C = Spawn XP percentage of total XP
 D = Spawn monster count
 E = Non-spawn monster count
 F = Spawn count percentage of total count
 G = Total turns spent on level
                    A         B        C        D         E        F      G
               +---------+---------+-------+---------+---------+-------+---------
         Total |       0 |      24 |   0.0 |       0 |       7 |   0.0 |   341
               +---------+---------+-------+---------+---------+-------+---------
             D |       0 |      24 |   0.0 |       0 |       7 |   0.0 |   341
               +---------+---------+-------+---------+---------+-------+---------
